Map: Abyssal Reef LE

Players

DnS

  • Race: Protoss Protoss
  • Spawn Location: 11:00

HeroMarine - Winner!

  • Race: Terran Terran
  • Spawn Location: 5:00

Event: HomeStory Cup XV

VOD

Have the link to the VOD?

Description

Time

  • Played on: July 22, 2017, 2:37 p.m.
  • Length: 18:01

All games in this series

Show
View Real Time Build Order
Export as new Build Order

DnS Protoss 

Build Orders: 1 Gate Expand, Double Forge, Oracle Opening 

Get SALT Encoding   

  12  0:00  Probe (Chrono Boost)  
  13  0:11  Probe (Chrono Boost)  
  14  0:17  Pylon  
  14  0:21  Probe (Chrono Boost)  
  15  0:36  Probe (Chrono Boost), Gateway  
  15  0:41  Assimilator  
  16  0:46  Probe (Chrono Boost)  
  18  0:57  Probe (Chrono Boost)  
  18  1:07  Probe (Chrono Boost)  
  19  1:19  Nexus  
  19  1:22  Probe (Chrono Boost)  
  20  1:31  Cybernetics Core  
  20  1:35  Probe (Chrono Boost)  
  21  1:40  Assimilator  
  21  1:45  Probe (Chrono Boost)  
  22  1:49  Pylon  
  22  1:56  Probe (Chrono Boost)  
  23  2:07  Probe  
  23  2:08  Adept (Chrono Boost)  
  26  2:14  Stargate  
  26  2:19  Probe  
  27  2:26  Warp Gate  
  27  2:29  Probe  
  27  2:31  Probe  
  27  2:33  Adept (Chrono Boost)  
  31  2:39  Probe  
  32  2:45  Probe  
  33  2:51  Probe (Chrono Boost)  
  33  2:52  Oracle (Chrono Boost)  
  33  2:57  Probe (Chrono Boost)  
  38  3:00  Adept  
  38  3:04  Probe (Chrono Boost)  
  41  3:08  Probe (Chrono Boost)  
  42  3:14  Pylon  
  42  3:16  Probe (Chrono Boost)  
  42  3:19  Probe (Chrono Boost)  
  44  3:22  Pylon  
  44  3:29  Probe (Chrono Boost), Oracle  
  44  3:31  Probe (Chrono Boost)  
  49  3:41  Probe (Chrono Boost)  
  50  3:46  Probe (Chrono Boost)  
  50  3:51  Probe (Chrono Boost)  
  51  3:57  Probe (Chrono Boost)  
  51  4:02  Nexus  
  54  4:03  Mothership Core (Chrono Boost)  
  54  4:07  Gateway x2  
  54  4:11  Pylon  
  54  4:13  Probe (Chrono Boost)  
  57  4:21  Probe (Chrono Boost)  
  59  4:24  Probe (Chrono Boost)  
  59  4:27  Assimilator  
  59  4:28  Pylon, Assimilator  
  59  4:31  Probe (Chrono Boost)  
  59  4:34  Pylon  
  60  4:42  Probe x2 (Chrono Boost)  
  59  4:50  Sentry  
  59  4:53  Probe x2 (Chrono Boost)  
  59  4:54  Forge, Twilight Council  
  59  4:58  Forge  
  61  5:03  Probe x2 (Chrono Boost)  
  63  5:07  Pylon  
  63  5:10  Stalker x2  
  70  5:14  Probe x3 (Chrono Boost)  
  70  5:15  Stalker  
  70  5:17  Protoss Ground Weapons Level 1  
  72  5:24  Probe x3 (Chrono Boost)  
  75  5:33  Probe, Blink (Chrono Boost)  
  75  5:34  Sentry  
  75  5:35  Probe x2  
  79  5:40  Gateway  
  79  5:41  Gateway  
  80  5:43  Gateway  
  80  5:44  Probe, Sentry  
  80  5:47  Probe x2  
  80  5:48  Pylon  
  85  5:51  Assimilator  
  85  5:54  Stalker  
  85  5:56  Probe  
  87  5:59  Probe  
  87  6:03  Probe  
  90  6:07  Probe, Gateway  
  90  6:08  Stalker  
  90  6:09  Sentry, Gateway  
  95  6:14  Robotics Facility  
  95  6:21  Pylon  
  95  6:23  Pylon, Stalker  
  97  6:26  Pylon  
  97  6:33  Assimilator  
  97  6:37  Stalker x3  
  103  6:41  Pylon  
  99  6:49  Stalker x3  
  99  6:51  Probe x2  
  107  6:56  Probe  
  107  6:57  Protoss Ground Armor Level 1  
  108  7:02  Observer  
  108  7:05  Photon Cannon  
  108  7:07  Adept x3  
  108  7:08  Probe  
  115  7:09  Probe x2  
  117  7:18  Probe  
  117  7:19  Adept x3  
  117  7:20  Resonating Glaives (Chrono Boost)  
  117  7:22  Probe  
  128  7:42  Probe  
  116  7:45  Probe x2  
  110  7:55  Probe x2  
  110  7:57  Probe  
  113  8:00  Adept x5  
  118  8:06  Probe  
  118  8:07  Probe, Robotics Facility  
  118  8:08  Stalker  
  118  8:09  Probe, Stalker  
  125  8:16  Probe  
  125  8:19  Probe  
  124  8:21  Probe  
  125  8:27  Probe  
  125  8:28  Adept x5  
  125  8:31  Probe  
  125  8:33  Protoss Ground Weapons Level 2, Probe  
  138  8:37  Probe  
  139  8:43  Probe  
  139  8:45  Probe  
  141  8:49  Pylon x2  
  141  8:55  Pylon  
  141  8:56  Pylon  
  141  8:59  Pylon, Robotics Facility, Robotics Bay  
  141  9:00  Observer  
  141  9:08  Stalker x3  
  142  9:12  Probe x2  
  131  9:30  Probe  
  132  9:31  Probe  
  132  9:32  Probe  
  132  9:40  Stalker x5  
  132  9:42  Probe  
  132  9:44  Probe  
  142  9:48  Disruptor (Chrono Boost)  
  142  9:49  Probe, Disruptor (Chrono Boost)  
  146  9:54  Probe  
  146  9:56  Probe  
  146  9:59  Probe  
  148  10:07  Probe  
  150  10:08  Nexus  
  150  10:12  Pylon  
  150  10:23  Disruptor (Chrono Boost)  
  150  10:25  Disruptor (Chrono Boost)  
  152  10:32  Stalker x4  
  152  10:34  Protoss Ground Armor Level 2  
  158  10:45  Stalker x3  
  157  10:50  Probe x3  
  157  10:54  Disruptor (Chrono Boost)  
  161  11:06  Stalker x4  
  169  11:12  Pylon  
  169  11:13  Pylon  
  151  11:31  Stalker x7  
  159  11:44  Observer (Chrono Boost)  
  159  11:46  Stalker  
  157  11:54  Stalker x4  
  152  12:22  Adept x8  
  166  12:28  Disruptor (Chrono Boost)  
  138  12:58  Sentry, Stalker x4  
  144  13:03  Nexus  
  144  13:05  Probe x2  
  150  13:06  Pylon  
  150  13:11  Templar Archives  
  150  13:24  Probe  
  150  13:25  Disruptor (Chrono Boost)  
  150  13:26  Pylon  
  154  13:27  Pylon  
  152  13:52  Probe x2  
  152  13:54  Assimilator  
  154  13:56  Assimilator  
  149  14:08  Disruptor (Chrono Boost)  
  152  14:16  Stalker x4  
  150  14:51  Disruptor (Chrono Boost)  
  113  15:01  Stalker x4  
  113  15:02  Stalker x3  
  118  15:18  Stalker  
  120  15:22  Disruptor (Chrono Boost)  
  120  15:24  High Templar  
  120  15:25  High Templar x3  
  120  15:26  High Templar x2  
  135  15:29  Archon x2  
  135  15:30  Archon  
  135  15:33  Nexus  
  135  15:37  Probe  
  135  15:38  Probe x2  
  136  15:55  Probe  
  136  15:56  Probe x2, Disruptor (Chrono Boost)  
  142  16:11  Stalker x3  
  148  16:19  Adept  
  148  16:25  Adept x2  
  152  16:27  Disruptor (Chrono Boost)  
  152  16:32  Adept  
  157  16:33  Adept  
  122  17:00  Disruptor (Chrono Boost)  
  106  17:05  Stalker x2  
  106  17:06  Stalker x4  
  99  17:18  Assimilator  
  99  17:20  Assimilator  
  99  17:22  Pylon  
  101  17:42  Stalker x4  
Show
View Real Time Build Order
Export as new Build Order

HeroMarine Terran - Winner!

Build Orders: Reaper Expand, MMM Bio 

Get SALT Encoding   

  12  0:00  SCV  
  13  0:13  SCV  
  14  0:18  Supply Depot  
  14  0:25  SCV  
  15  0:29  Refinery  
  15  0:39  SCV  
  16  0:45  Barracks  
  16  0:51  SCV  
  17  1:03  SCV  
  18  1:15  SCV  
  19  1:33  Orbital Command, Reaper  
  20  1:43  Command Center  
  20  1:54  Factory  
  20  1:58  SCV  
  21  2:03  Refinery  
  21  2:07  Barracks Reactor  
  21  2:11  SCV  
  21  2:15  Supply Depot  
  22  2:23  SCV  
  23  2:36  SCV  
  24  2:38  Starport  
  24  2:41  Widow Mine  
  24  2:43  Marine  
  24  2:44  Marine  
  28  2:48  SCV  
  29  2:55  Orbital Command  
  29  3:01  SCV  
  29  3:02  Marine x2  
  32  3:09  Widow Mine  
  34  3:15  Viking  
  36  3:22  Marine x2  
  38  3:28  SCV  
  38  3:33  SCV, Supply Depot  
  40  3:40  SCV  
  40  3:43  Marine x2  
  40  3:46  SCV  
  42  3:52  SCV  
  43  3:56  Barracks  
  43  3:58  SCV  
  43  4:01  Marine x2  
  46  4:04  SCV  
  47  4:10  SCV  
  47  4:16  SCV, Barracks  
  49  4:18  Marine x2  
  49  4:21  Factory Tech Lab, Starport Tech Lab  
  49  4:22  SCV  
  52  4:26  Supply Depot  
  52  4:28  SCV  
  53  4:34  SCV, Engineering Bay  
  53  4:36  Supply Depot  
  53  4:40  SCV  
  54  4:47  Marine x2  
  54  4:48  SCV  
  54  4:51  Factory Reactor  
  57  4:52  SCV  
  57  4:54  Starport Reactor  
  57  4:59  Stimpack, Marauder  
  60  5:00  SCV, Terran Infantry Weapons Level 1  
  60  5:05  SCV  
  62  5:07  Marine  
  62  5:08  Marine  
  62  5:11  Supply Depot  
  62  5:12  Supply Depot  
  62  5:13  Combat Shields  
  62  5:14  Marauder  
  66  5:15  SCV  
  66  5:17  SCV  
  66  5:21  Marauder  
  70  5:32  SCV x2, Marine x2, Medivac, Widow Mine  
  70  5:33  Widow Mine  
  70  5:34  Medivac  
  82  5:37  Supply Depot  
  82  5:39  Supply Depot  
  82  5:44  SCV x2  
  82  5:48  Marauder  
  86  5:53  Refinery  
  86  5:54  Refinery  
  86  5:57  Marine  
  86  5:59  Marauder, Marine  
  86  6:00  Widow Mine  
  86  6:01  Widow Mine  
  95  6:17  Medivac x2, Supply Depot  
  97  6:22  Marauder  
  97  6:23  Marauder  
  97  6:24  Marine  
  102  6:27  Command Center  
  102  6:31  Supply Depot  
  102  6:32  Supply Depot  
  102  6:38  Widow Mine x2  
  102  6:39  Marine  
  107  6:46  Marauder  
  109  6:47  Marine  
  109  6:53  Marauder  
  112  6:56  Marine  
  113  7:03  Terran Infantry Armor Level 1  
  113  7:04  SCV x2  
  113  7:05  Barracks  
  113  7:07  Barracks  
  113  7:08  Marine x2  
  117  7:13  Marine  
  118  7:17  Liberator, SCV  
  118  7:18  Liberator, SCV  
  118  7:20  Marine  
  121  7:25  Marine  
  121  7:26  Marauder  
  123  7:30  SCV  
  123  7:32  Marauder  
  123  7:39  SCV x2  
  113  7:48  Marauder  
  113  7:49  Marine x2  
  111  7:53  Marauder  
  111  7:57  Widow Mine  
  115  8:00  Liberator  
  115  8:01  Liberator, Widow Mine  
  105  8:09  Marauder, Orbital Command  
  105  8:11  Barracks Reactor, Barracks Tech Lab  
  106  8:13  SCV x2  
  106  8:15  Marauder, Marine x2  
  116  8:22  Armory  
  116  8:25  SCV x2  
  118  8:37  SCV x2  
  118  8:38  SCV  
  118  8:39  Marauder, Marine x2  
  125  8:43  Liberator  
  125  8:44  Liberator  
  125  8:47  Widow Mine x2  
  129  8:49  SCV x2  
  129  8:51  Refinery x2  
  129  8:52  SCV, Supply Depot x2  
  129  8:53  Marine x2  
  129  8:54  Marine, Engineering Bay  
  129  8:55  Marine  
  141  9:08  Supply Depot  
  141  9:09  Supply Depot  
  141  9:13  SCV x2, Concussive Shells  
  141  9:16  Marauder  
  145  9:20  Marine x2  
  144  9:28  Marauder x2, Marine  
  144  9:29  Marine  
  144  9:30  Widow Mine x2  
  154  9:31  Terran Infantry Weapons Level 2  
  154  9:36  Terran Infantry Armor Level 2  
  150  9:45  Marauder  
  145  9:46  Marine  
  145  9:49  Marauder  
  145  9:50  Marine  
  145  9:51  Marine  
  146  9:59  Marine x2, Missile Turret  
  148  10:00  Medivac  
  148  10:01  Medivac, Widow Mine x2  
  148  10:05  Marine  
  148  10:06  Marauder  
  159  10:08  Marine  
  159  10:11  Marauder  
  159  10:13  Marine  
  163  10:17  Marine, Command Center  
  163  10:19  Supply Depot x2  
  161  10:25  Marauder  
  161  10:30  Marauder, Medivac  
  161  10:31  Medivac  
  167  10:37  Marauder  
  167  10:38  Marine x2  
  151  10:43  Widow Mine  
  151  10:44  Widow Mine  
  151  10:46  Marauder, Marine  
  151  10:47  Marine  
  155  10:51  Marauder  
  155  10:56  Marine x2  
  159  10:59  Barracks  
  159  11:00  Barracks, Medivac  
  159  11:01  Marauder, Barracks, Medivac  
  165  11:04  Marine  
  165  11:08  Marauder, Marine  
  167  11:12  Marine  
  167  11:13  Liberator x2  
  167  11:14  Widow Mine x2  
  166  11:22  Marauder  
  143  11:29  Marauder  
  149  11:36  Marauder  
  149  11:37  Marine x2  
  151  11:44  Marauder  
  151  11:46  Marine x2  
  151  11:48  Widow Mine x2  
  151  11:50  Marauder  
  157  11:54  Barracks Tech Lab, Starport, Marine  
  157  11:56  Barracks Tech Lab  
  157  11:57  Barracks Tech Lab  
  150  12:09  Marauder  
  150  12:11  Marauder  
  150  12:12  Marauder  
  150  12:13  Marine x2  
  145  12:17  Marauder, Marine  
  145  12:21  Marine  
  131  12:31  Marauder, Marine, Liberator x2  
  131  12:32  Marauder  
  136  12:40  Marauder x2, Marine x2  
  136  12:41  Marine  
  128  12:51  Marine  
  128  12:52  Marauder  
  128  12:55  Marine  
  128  12:58  Marine  
  132  13:00  Orbital Command  
  133  13:13  Liberator  
  133  13:15  Marauder x2  
  133  13:16  Marauder  
  133  13:19  Liberator  
  141  13:20  Marauder  
  141  13:25  Liberator  
  142  13:34  Marine x2  
  142  13:36  Liberator, Marauder  
  142  13:37  Marauder  
  142  13:41  Missile Turret  
  154  13:49  Marauder  
  154  13:51  Marauder  
  154  13:53  Marine x2  
  163  13:56  Liberator  
  163  13:58  Marauder  
  163  14:02  Marauder, Liberator  
  160  14:03  Marine x2  
  160  14:08  Liberator  
  162  14:10  Marauder  
  162  14:11  Marine x2  
  162  14:12  Marine  
  162  14:13  Sensor Tower  
  170  14:19  Marine  
  170  14:23  Marauder  
  176  14:27  Liberator  
  165  14:39  Marauder x2, Marine x2, Liberator  
  165  14:40  Marine  
  165  14:43  Marine  
  165  14:44  Marauder, Marine  
  165  14:45  Liberator  
  126  14:52  Liberator  
  159  14:57  Marine  
  159  14:58  Marine  
  150  15:00  Marauder x2, Marine  
  150  15:03  Marauder  
  146  15:14  Marauder  
  148  15:22  Marauder, Marine  
  148  15:27  Marauder x2, Marine x2  
  157  15:30  Marine  
  157  15:35  Marauder  
  160  15:40  Marine  
  161  15:42  Marine  
  161  15:45  Marine x2  
  161  15:48  Marauder, Marine x2  
  168  15:56  Marauder  
  170  16:03  Marauder  
  172  16:04  Liberator  
  172  16:05  Medivac x3  
  172  16:06  Marauder  
  172  16:11  Marauder, Marine x3, Refinery  
  179  16:12  Refinery  
  179  16:18  Marauder  
  184  16:21  Marine  
  188  16:29  Marine  
  188  16:31  Marine x2  
  188  16:32  Marauder x2  
  175  16:33  Marauder  
  175  16:39  Marauder  
  174  16:45  Marine  
  174  16:47  Marine  
  164  16:49  Marine x2  
  164  16:53  Marauder x2  
  149  16:54  Marauder  
  149  17:01  Marauder  
  137  17:03  Marine  
  137  17:04  Marine  
  137  17:07  Marine x2  
  140  17:14  Marauder x2  
  146  17:15  Marauder  
  146  17:21  Marine  
  146  17:22  Marauder, Marine  
  150  17:24  Marine  
  150  17:25  Marine  
  152  17:35  Marine  
  152  17:36  Marauder  
  157  17:37  Marauder  
Tags
 
Add a new tag
Caveats
  • Supply blocks, unpowered buildings, or Contaminate may cause inaccurate times.
  • Supply counts are checked every 10 seconds.